 Dungeon Crawl Stone Soup version 0.31-a0-165-g3f4f80340b (webtiles) character file.

Game seed: 7064977974222951984

331 qw the Shooter (level 6, 0/57 HPs)
             Began as a Naga Hunter on June 13, 2023.
             Slain by a gnoll
             ... wielding a +0 spear
              (4 damage)
             ... on level 4 of the Dungeon.
             The game lasted 00:01:09 (2791 turns).

qw the Shooter (Naga Hunter)                        Turns: 2791, Time: 00:01:10

Health: 0/57       AC:  6    Str: 13    XL:     6   Next: 52%
Magic:  6/6        EV:  9    Int:  9    God:
Gold:   223        SH:  0    Dex: 17    Spells: 5/5 levels left

rFire   . . .        Y - +0 shortbow
rCold   . . .        (shield currently unavailable)
rNeg    . . .        c - +0 leather armour
rPois   +            f - +2 helmet
rElec   .            (no cloak)
rCorr   .            (no gloves)
SInv    +            (no barding)
Will    .....        (no amulet)
Stlth   ++           (no ring)
HPRegen 0.29/turn    (no ring)
MPRegen 0.10/turn

%: no passive effects
@: very slow
A: AC +2, large, see invisible, deformed body, poison resistance, slowness 2,
spit poison 1, naga tail 1
a: Spit Poison


You were on level 4 of the Dungeon.
You visited 1 branch of the dungeon, and saw 4 of its levels.

You collected 349 gold pieces.
You spent 126 gold pieces at shops.


Innate Abilities, Weirdness & Mutations

Your serpentine skin is tough. (AC +2)
You have supernaturally acute eyesight. (SInv)
Armour fits poorly on your strangely shaped body.
Your system is resistant to poisons. (rPois)
You cover ground very slowly.
You can spit poison.
You have a snake-like lower body.


   Skills:
 - Level 4.0 Fighting
 - Level 6.1 Ranged Weapons
 + Level 1.5 Dodging
 - Level 1.5 Stealth


You had 5 spell levels left.
You didn't know any spells.
Your spell library was empty.

Inventory:

Hand Weapons
 Y - a +0 shortbow (weapon)
Armour
 c - a +0 leather armour (worn)
 f - a +2 helmet (worn)
Jewellery
 h - a ring of positive energy
Scrolls
 a - 5 scrolls of teleportation
 g - 4 scrolls of identify
Potions
 b - 2 potions of resistance
 d - a potion of might
 e - 2 potions of heal wounds
 i - 2 potions of curing
 j - a potion of cancellation

Dungeon Overview and Level Annotations

Branches:
Dungeon (4/15)
 Temple: D:4-7

Altars:
Dithmenos
The Shining One

Shops:
D:3 *?*(=

Annotations:
D:3 2 transporters, qw's ghost, amateur GrHu


Message History

The gnoll is severely wounded.
The gnoll closely misses you.
The gnoll hits you from afar with a +0 spear!
The gnoll barely misses you.
You shoot an arrow.
The arrow hits the gnoll but does no damage.
The gnoll is severely wounded.
You have got your breath back.
The gnoll hits you with a +0 club. x2; The gnoll barely misses you.
2787 ||| INVOKING Spit Poison.
Aiming: Spit Poison (1% risk of failure)
Press: ? - help, Shift-Dir - straight line, f/p - gnoll The splash of poison hits the gnoll but does no damage.
The gnoll is poisoned.
The gnoll is severely wounded.
The gnoll hits you with a +0 club.
The gnoll hits you but does no damage. x2
You shoot an arrow. The arrow hits the gnoll!
You kill the gnoll!
The gnoll hits you but does no damage.
The gnoll hits you from afar with a +0 spear. x2
The worm misses you.
Your Fighting skill increases to level 4!
You shoot an arrow. The arrow hits the worm!
The worm is almost dead.
The gnoll closely misses you. The gnoll hits you with a +0 club.
The gnoll hits you from afar with a +0 spear.
You shoot an arrow.
The arrow hits the worm but does no damage.
The worm is almost dead.
The gnoll closely misses you.
The gnoll hits you but does no damage. x2
The worm bites you!
You shoot an arrow. The arrow barely misses the worm.
The arrow closely misses the gnoll.
You have got your breath back.
The gnoll hits you with a +0 club.
The gnoll hits you from afar with a +0 spear.
The gnoll hits you but does no damage. The worm bites you but does no damage.
The gnoll hits you but does no damage. The gnoll hits you with a +0 club.
The gnoll hits you from afar with a +0 spear.
You die...

#.... ..... ... #....
..... ... #....
.....#####'### #....
...........#####....
...................
########.................
.......#g................
......gw@............##'#
......g#)............#...
.......#........######...
......g#........'......(.
.......#........#........
.......#........#........
....##.#........#..####+#
...g #.###.....##..##
#.....#....#


You could see a worm and 3 gnolls.

Vanquished Creatures
  2 scorpions (D:4)
  A hound (D:3)
  An iguana (D:3)
  A gnoll (D:4)
  6 adders
  3 worms (D:2)
  2 orcs
  7 ball pythons
  4 endoplasms
  A giant cockroach (D:2)
  11 goblins
  8 hobgoblins
  10 jackals
  2 quokkas
  7 bats
  2 frilled lizards
  7 kobolds
  7 rats
82 creatures vanquished.

Notes
Turn   | Place    | Note
-------+----------+-------------------------------------------
     0 | D:1      | qw the Naga Hunter began the quest for the Orb.
     0 | D:1      | Reached XP level 1. HP: 19/19 MP: 1/1
     0 | D:1      | 0 ||| qw: Version: 0.2-a-29-gc1b59c4
     0 | D:1      | 0 ||| qw: Game counter: 4667
     0 | D:1      | 0 ||| qw: Always use a shield: true
     0 | D:1      | 0 ||| qw: God list: Okawaru
     0 | D:1      | 0 ||| qw: Allow faded altars: false
     0 | D:1      | 0 ||| qw: Do Orc after D:15 true
     0 | D:1      | 0 ||| qw: Do second Lair branch before Depths: true
     0 | D:1      | 0 ||| qw: Lair rune preference: random
     0 | D:1      | 0 ||| qw: Plans: Normal
     0 | D:1      | 0 ||| PLANNING D:1-11
     5 | D:1      | Found a faded altar of an unknown god.
    22 | D:1      | 22 ||| INVOKING Spit Poison.
    43 | D:1      | 43 ||| INVOKING Spit Poison.
    95 | D:1      | 95 ||| INVOKING Spit Poison.
    99 | D:1      | 99 ||| INVOKING Spit Poison.
   128 | D:1      | 128 ||| INVOKING Spit Poison.
   151 | D:1      | 151 ||| INVOKING Spit Poison.
   153 | D:1      | Reached skill level 4 in Ranged Weapons
   153 | D:1      | Reached XP level 2. HP: 26/26 MP: 2/2
   155 | D:1      | 155 ||| INVOKING Spit Poison.
   248 | D:1      | 248 ||| INVOKING Spit Poison.
   254 | D:1      | 254 ||| INVOKING Spit Poison.
   302 | D:1      | 302 ||| INVOKING Spit Poison.
   342 | D:1      | 342 ||| INVOKING Spit Poison.
   413 | D:1      | 413 ||| INVOKING Spit Poison.
   548 | D:1      | 548 ||| INVOKING Spit Poison.
   551 | D:1      | 551 ||| INVOKING Spit Poison.
   552 | D:1      | Reached XP level 3. HP: 32/32 MP: 3/3
   569 | D:1      | 569 ||| INVOKING Spit Poison.
   598 | D:1      | 598 ||| READING scroll labelled ITADOU LAOST.
   599 | D:1      | 599 ||| READING 3 scrolls labelled LUP GO XAXOWUAB.
   600 | D:1      | 600 ||| READING scroll labelled LUERIWKETO.
   601 | D:1      | 601 ||| DRINKING 2 inky potions.
   602 | D:1      | 602 ||| READING 2 scrolls of identify.
   602 | D:1      | 602 ||| IDENTIFYING purple potion
   603 | D:1      | 603 ||| DROPPING scroll of butterflies.
   613 | D:2      | 613 ||| INVOKING Spit Poison.
   618 | D:2      | 618 ||| STAIRDANCE
   620 | D:1      | 620 ||| INVOKING Spit Poison.
   624 | D:1      | 624 ||| INVOKING Spit Poison.
   629 | D:1      | 629 ||| INVOKING Spit Poison.
   629 | D:1      | HP: 8/32 [jackal (2)]
   729 | D:2      | 729 ||| INVOKING Spit Poison.
   730 | D:2      | 730 ||| STAIRDANCE
   734 | D:1      | 734 ||| INVOKING Spit Poison.
   780 | D:2      | 780 ||| INVOKING Spit Poison.
   855 | D:2      | 855 ||| INVOKING Spit Poison.
   860 | D:2      | 860 ||| INVOKING Spit Poison.
   980 | D:2      | 980 ||| INVOKING Spit Poison.
   989 | D:2      | 989 ||| INVOKING Spit Poison.
  1078 | D:2      | 1078 ||| INVOKING Spit Poison.
  1126 | D:2      | 1126 ||| INVOKING Spit Poison.
  1130 | D:2      | 1130 ||| INVOKING Spit Poison.
  1193 | D:2      | 1193 ||| INVOKING Spit Poison.
  1208 | D:2      | 1208 ||| INVOKING Spit Poison.
  1357 | D:2      | 1357 ||| INVOKING Spit Poison.
  1360 | D:2      | 1360 ||| INVOKING Spit Poison.
  1362 | D:2      | Reached skill level 5 in Ranged Weapons
  1362 | D:2      | Reached XP level 4. HP: 37/39 MP: 4/4
  1384 | D:2      | 1384 ||| INVOKING Spit Poison.
  1480 | D:2      | 1480 ||| UPGRADING to +2 helmet.
  1485 | D:2      | 1485 ||| READING scroll labelled LIRGHU GUTOIKU.
  1486 | D:2      | 1486 ||| READING scroll labelled LYGOER IJAY.
  1487 | D:2      | 1487 ||| DRINKING 3 pink potions.
  1508 | D:2      | 1508 ||| DRINKING 2 golden potions.
  1509 | D:2      | 1509 ||| READING 2 scrolls of identify.
  1509 | D:2      | 1509 ||| IDENTIFYING clear potion
  1510 | D:2      | 1510 ||| DROPPING 2 potions of lignification.
  1511 | D:2      | 1511 ||| DROPPING potion of magic.
  1519 | D:3      | 1519 ||| INVOKING Spit Poison.
  1523 | D:3      | Found Vauhurof's General Store.
  1524 | D:3      | Found Jeteigus's Jewellery Boutique.
  1526 | D:3      | 1526 ||| INVOKING Spit Poison.
  1533 | D:3      | 1533 ||| INVOKING Spit Poison.
  1539 | D:3      | 1539 ||| INVOKING Spit Poison.
  1545 | D:3      | 1545 ||| INVOKING Spit Poison.
  1551 | D:3      | 1551 ||| INVOKING Spit Poison.
  1612 | D:3      | 1612 ||| SHOPLISTING +3 orcbow "Heclad" {elec, rElec rF-
                  | Int+4 Dex+8} (559 gold, have 128).
  1612 | D:3      | 1612 ||| BUYING 2 scrolls of identify (40 gold).
  1612 | D:3      | Bought 2 scrolls of identify for 40 gold pieces
  1612 | D:3      | 1612 ||| BUYING 2 scrolls of teleportation (60 gold).
  1612 | D:3      | Bought 2 scrolls of teleportation for 60 gold pieces
  1612 | D:3      | 1612 ||| SHOPLISTING 3 scrolls of identify (60 gold, have
                  | 28).
  1612 | D:3      | 1612 ||| SHOPLISTING potion of might (40 gold, have 28).
  1625 | D:3      | Found Wach's Magic Scroll Shoppe.
  1628 | D:3      | Found Obafefux's Assorted Antiques.
  1634 | D:3      | 1634 ||| SHOPLISTING scroll of enchant weapon (97 gold,
                  | have 28).
  1634 | D:3      | 1634 ||| BUYING scroll of identify (26 gold).
  1634 | D:3      | Bought a scroll of identify for 26 gold pieces
  1634 | D:3      | 1634 ||| SHOPLISTING scroll of identify (26 gold, have 2).
  1634 | D:3      | 1634 ||| SHOPLISTING scroll of teleportation (39 gold, have
                  | 2).
  1638 | D:3      | 1638 ||| SHOPLISTING 2 potions of curing (168 gold, have
                  | 12).
  1638 | D:3      | 1638 ||| SHOPLISTING coppery potion (25 gold, have 12).
  1638 | D:3      | 1638 ||| SHOPLISTING curved ivory wand (112 gold, have 12).
  1638 | D:3      | 1638 ||| SHOPLISTING glowing sling (126 gold, have 12).
  1638 | D:3      | 1638 ||| SHOPLISTING potion of might (112 gold, have 12).
  1638 | D:3      | 1638 ||| SHOPLISTING scroll labelled KUCROU TOYW (28 gold,
                  | have 12).
  1638 | D:3      | 1638 ||| SHOPLISTING scroll labelled SERGHIM CIREORA (28
                  | gold, have 12).
  1678 | D:3      | 1678 ||| INVOKING Spit Poison.
  1681 | D:3      | Reached skill level 3 in Fighting
  1681 | D:3      | Reached XP level 5. HP: 49/49 MP: 5/5
  1791 | D:3      | 1791 ||| INVOKING Spit Poison.
  1795 | D:3      | 1795 ||| INVOKING Spit Poison.
  1849 | D:3      | 1849 ||| SHOPLISTING +4 ring of protection (504 gold, have
                  | 125).
  1849 | D:3      | 1849 ||| SHOPLISTING +5 ring of evasion (504 gold, have
                  | 125).
  1849 | D:3      | 1849 ||| SHOPLISTING amulet "Qown" {Spirit rF+} (616 gold,
                  | have 125).
  1849 | D:3      | 1849 ||| SHOPLISTING amulet of regeneration (420 gold, have
                  | 125).
  1950 | D:3      | Noticed qw's ghost (amateur GrHu)
  1959 | D:3      | Found a transporter.
  1984 | D:3      | 1984 ||| INVOKING Spit Poison.
  1986 | D:3      | Found a transporter.
  2003 | D:3      | Found a shadowy altar of Dithmenos.
  2072 | D:3      | Found a glowing golden altar of the Shining One.
  2155 | D:3      | Found Wolav's Antique Weapon Shop.
  2220 | D:3      | 2220 ||| READING scroll labelled JUPHYA COPO.
  2221 | D:3      | 2221 ||| READING 5 scrolls of identify.
  2221 | D:3      | 2221 ||| IDENTIFYING dark potion
  2222 | D:3      | 2222 ||| READING 4 scrolls of identify.
  2222 | D:3      | 2222 ||| IDENTIFYING cyan potion
  2229 | D:4      | 2229 ||| INVOKING Spit Poison.
  2235 | D:4      | 2235 ||| STAIRDANCE
  2237 | D:3      | 2237 ||| INVOKING Spit Poison.
  2260 | D:4      | 2260 ||| INVOKING Spit Poison.
  2264 | D:4      | 2264 ||| STAIRDANCE
  2266 | D:3      | 2266 ||| INVOKING Spit Poison.
  2346 | D:4      | 2346 ||| INVOKING Spit Poison.
  2390 | D:4      | 2390 ||| INVOKING Spit Poison.
  2404 | D:4      | 2404 ||| INVOKING Spit Poison.
  2462 | D:4      | 2462 ||| INVOKING Spit Poison.
  2465 | D:4      | 2465 ||| INVOKING Spit Poison.
  2468 | D:4      | 2468 ||| INVOKING Spit Poison.
  2489 | D:4      | 2489 ||| INVOKING Spit Poison.
  2643 | D:4      | 2643 ||| INVOKING Spit Poison.
  2702 | D:4      | 2702 ||| INVOKING Spit Poison.
  2705 | D:4      | 2705 ||| INVOKING Spit Poison.
  2707 | D:4      | Reached skill level 6 in Ranged Weapons
  2707 | D:4      | Reached XP level 6. HP: 53/56 MP: 6/6
  2762 | D:4      | 2762 ||| INVOKING Spit Poison.
  2779 | D:4      | 2779 ||| INVOKING Spit Poison.
  2781 | D:4      | 2781 ||| Stepping ~*~*~tactically~*~*~ (outnumbered).
  2784 | D:4      | 2784 ||| INVOKING Spit Poison.
  2787 | D:4      | 2787 ||| INVOKING Spit Poison.
  2791 | D:4      | HP: 13/57 [gnoll/+0 club (4)]
  2791 | D:4      | HP: 4/57 [gnoll/+0 club (6)]
  2791 | D:4      | Slain by a gnoll

Levels and vault maps discovered:
D:1:      roderic_chinese_lattice_arrival, layout_basic, basic_ecumenical_altar
D:2:      layout_basic, hangedman_abyss_or_decor_lesser_grid
D:3:      layout_basic, nicolae_tso_swordbearing_angel, lemuel_tele_altar,
          gammafunk_ghost_stat_death, serial_shops, shop_coins, shop,
          nicolae_diamond_shop, shop, nicolae_lakefront_shop
D:4:      layout_gridville, wad_floor_pattern_untrapped, chequers_jeans,
          minivault_4

Skill      XL: |  1  2  3  4  5  6 |
---------------+-------------------+-----
Ranged Weapons | 4 5 6 |  6.1
Fighting       | 3 4 |  4.0
Dodging        | |  1.5
Stealth        | |  1.5

Action                     |  1- 3 |  4- 6 || total
---------------------------+-------+-------++-------
   Fire: Shortbow          |    82 |    98 ||   180
Ability: Spit Poison       |    33 |    29 ||    62
    Use: Scroll            |     4 |     6 ||    10
         Potion            |     1 |     2 ||     3
 Armour: Leather armour    |    18 |    47 ||    65
  Dodge: Dodged            |    47 |    65 ||   112

Table legend:
 A = Non-vault XP
 B = Vault XP
 C = Vault XP percentage of total XP
 D = Non-vault monster count
 E = Vault monster count
 F = Vault count percentage of total count
                 A         B        C        D         E       F
            +---------+---------+-------+---------+---------+-------
      Total |     474 |       0 |   0.0 |      82 |       0 |   0.0
            +---------+---------+-------+---------+---------+-------
        D:1 |      46 |       0 |   0.0 |      27 |       0 |   0.0
        D:2 |      38 |       0 |   0.0 |      16 |       0 |   0.0
        D:3 |     157 |       0 |   0.0 |      24 |       0 |   0.0
        D:4 |     233 |       0 |   0.0 |      15 |       0 |   0.0
            +---------+---------+-------+---------+---------+-------
